 Dungeon Crawl Stone Soup version 0.27-a0-906-g0a00ce863d (webtiles) character file.

Game seed: 2434396497149488437

113 wakim the Insei (level 4, 0/28 HPs)
             Began as an Octopode Transmuter on Apr 6, 2021.
             Slain by a black bear (1 damage)
             ... on level 3 of the Dungeon.
             The game lasted 00:12:04 (5120 turns).

wakim the Insei (Octopode Transmuter)               Turns: 5120, Time: 00:12:04

Health: 0/28       AC:  1    Str:  9    XL:     4   Next: 96%
Magic:  5/7        EV: 14    Int: 16    God:
Gold:   78         SH:  5    Dex: 16    Spells: 3/7 levels left

rFire    + . .     SeeInvis .     - Unarmed
rCold    . . .     Faith    .   (no shield)
rNeg     + + +     Spirit   .   (helmet restricted)
rPois    .         Reflect  +   c - amulet "Ocol" {Reflect rElec rN+ Dex+4 SH+5}
rElec    +         Harm     .   b - ring "Fahets" {rF+ rN++}
rCorr    .         Rampage  .   (no ring)
Will     .....                  (no ring)
Stlth    +++.......             (no ring)
HPRegen  0.09/turn              (no ring)
MPRegen  0.10/turn              (no ring)
                                (no ring)
                                (no ring)

@: no status effects
A: almost no armour, amphibious, 8 rings, camouflage 1, gelatinous body 1,
(nimble swimmer 1), tentacles
a: no special abilities


You were on level 3 of the Dungeon.
You visited 2 branches of the dungeon, and saw 6 of its levels.

You collected 78 gold pieces.

Inventory:

Jewellery
 b - the ring "Fahets" (left tentacle) {rF+ rN++}
   (You acquired it on level 2 of the Dungeon)

   [ring of protection from fire]

   It protects you from fire.
   It greatly protects you from negative energy.
 c - the amulet "Ocol" (around mantle) {Reflect rElec rN+ Dex+4 SH+5}
   (You acquired it on level 3 of the Dungeon)

   [amulet of reflection]

   It reflects blocked missile attacks.
   It affects your dexterity (+4).
   It insulates you from electricity.
   It protects you from negative energy.
   It affects your SH (+5).
 d - an amulet of magic regeneration
Scrolls
 r - a scroll of identify
 T - 2 scrolls of teleportation
Potions
 a - a potion of cancellation {unknown}
 f - a potion of haste {unknown}
 B - a potion of attraction
 F - 2 potions of curing
 L - 3 potions of lignification
 O - a potion of resistance


   Skills:
 - Level 1.0 Fighting
 + Level 3.3 Dodging
 - Level 3.0 Stealth
 + Level 4.0 Unarmed Combat
 - Level 2.0 Spellcasting
 * Level 2.0 Transmutations
 * Level 0.2 Poison Magic


You had 3 spell levels left.
You knew the following spells:

 Your Spells              Type           Power      Damage    Failure   Level
a - Beastly Appendage     Tmut           16%        N/A       9%          1
x - Spider Form           Tmut/Pois      2%         N/A       36%         3

Your spell library contained the following spells:

 Spells                   Type           Power      Damage    Failure   Level
 Wereblood                Tmut           8%         N/A       13%         2
 Animate Skeleton         Necr           2%         N/A       21%         1
 Apportation              Tloc           2%         N/A       21%         1
 Corona                   Hex            1%         N/A       21%         1
 Summon Small Mammal      Summ           4%         N/A       21%         1
 Confusing Touch          Hex            1%         N/A       52%         3
 Gell's Gravitas          Tloc           0%         N/A       52%         3
 Ice Form                 Ice/Tmut       4%         N/A       80%         4
 Petrify                  Tmut/Erth      4%         N/A       80%         4
 Hydra Form               Tmut           4%         N/A       94%         5
 Yara's Violent Unravell  Hex/Tmut       2%         3d3       98%         5
 Metabolic Englaciation   Hex/Ice        0%         N/A       99%         5


Dungeon Overview and Level Annotations

Branches:
Dungeon (5/15)             Temple (1/1) D:4

Altars:
Ashenzari
Cheibriados
Dithmenos
Elyvilon
Hepliaklqana
Kikubaaqudgha
Makhleb
Okawaru
Qazlal
Ru
Sif Muna
Uskayaw
Wu Jian
Xom
Yredelemnul
Zin
The Shining One

Shops:
D:1 [   D:2 =

Annotations:
D:4 exclusion: phantom, Sigmund
D:5 Edmund, Eustachio


Innate Abilities, Weirdness & Mutations

You cannot wear most types of armour.
You are amphibious.
You can wear up to eight rings at the same time.
Your skin changes colour to match your surroundings (Stealth+).
Your rubbery body absorbs attacks. (AC +1, EV +1)
((You are camouflaged near water. (Stealth+)))
You have tentacles for arms and can constrict up to eight enemies at once.


Message History

Confirm with . or Enter, or press ? or * to list all spells.
The spell is extremely dangerous to cast (36% risk of failure)!
Continue anyway?
You turn into a venomous arachnid creature.
You can't wear or remove anything in your present form.
Your transformation is almost over.
You climb downwards.
There is a stone staircase leading up here.
You hit the black bear but do no damage.
The black bear bites you.
The black bear claws you but does no damage.
The black bear barely misses you.
You hit the black bear.
The black bear is lightly wounded.
The black bear completely misses you. The black bear barely misses you.
The black bear claws you.
You hit the black bear but do no damage.
The black bear is poisoned.
The black bear is lightly wounded.
The black bear closely misses you. The black bear claws you.
The black bear completely misses you.
You hit the black bear but do no damage.
The black bear looks as sick as possible!
The black bear is lightly wounded.
The black bear bites you!
* * * LOW HITPOINT WARNING * * *
The black bear misses you. x2
You hit the black bear but do no damage.
The black bear is lightly wounded.
You hit the black bear.
The black bear looks as sick as possible!
The black bear is heavily wounded.
You block the black bear's attack. The black bear completely misses you.
The black bear claws you.
* * * LOW HITPOINT WARNING * * *
Your transformation has ended.
The black bear goes berserk!
The black bear bites you.
* * * LOW HITPOINT WARNING * * *
The black bear misses you. The black bear claws you.
You die...

#.#.....###.####........#.....
#.###.........##........#.....
#.# #.#####.#[##........#.....
#.# #.#.....#.####.######.....
#.# #.#.###[#.# #.# #.#+#. #.#
#.#.#####.# #.# #..... #.#
#<#.......####.# #..... #.#
#.#########....######..... #.#
#.......h@................ #.#
###########....#######.... #.#
#...#.....(......... #.#
#...#...########.... #.#
#...#...# ##### #.# #...#÷..#
#.#########...#...#
#........÷)...#...#
##############...#...#


You could see a black bear (berserk, very poisoned).

Vanquished Creatures
  A gnoll (D:1)
  4 adders (D:3)
  4 dart slugs
  6 orcs (D:3)
  5 endoplasms
  2 giant cockroaches
  2 goblins (D:3)
  4 hobgoblins
  4 jackals (D:3)
  2 quokkas (D:4)
  6 ball pythons
  A bat (D:1)
  A frilled lizard (D:2)
  8 kobolds
  3 rats
53 creatures vanquished.

Notes
Turn   | Place    | Note
-------+----------+-------------------------------------------
     0 | D:1      | wakim the Octopode Transmuter began the quest for the Orb.
     0 | D:1      | Reached XP level 1. HP: 13/13 MP: 3/3
   147 | D:1      | Reached skill level 1 in Stealth
   335 | D:1      | Found Vaawum's Armour Emporium.
   344 | D:1      | Reached XP level 2. HP: 18/18 MP: 3/5
   887 | D:1      | Reached XP level 3. HP: 23/23 MP: 4/6
   930 | D:1      | Learned a level 3 spell: Spider Form
   932 | D:2      | Found a faded altar of an unknown god.
  1165 | D:2      | Found Porphito's Jewellery Emporium.
  1267 | D:2      | Identified a scroll of acquirement
  1267 | D:2      | Acquired the ring "Fahets" {rF+ rN++}
  1742 | D:3      | Noticed a black bear
  1997 | D:3      | Acquired the amulet "Ocol" {Reflect rElec rN+ Dex+4 SH+5}
  2030 | D:3      | Reached XP level 4. HP: 28/28 MP: 5/7
  2736 | D:3      | Reached skill level 4 in Unarmed Combat
  3611 | D:4      | Noticed Sigmund
  3946 | D:4      | Noticed a phantom
  3950 | D:4      | Found a staircase to the Ecumenical Temple.
  3956 | Temple   | Entered the Ecumenical Temple
  4308 | D:4      | Found a hazy altar of Hepliaklqana.
  4609 | D:4      | Found an iron altar of Okawaru.
  4826 | D:5      | Entered Level 5 of the Dungeon
  4827 | D:5      | Noticed Eustachio
  4827 | D:5      | Noticed Edmund
  4871 | D:5      | Noticed a scorpion
  4876 | D:5      | Noticed a water moccasin
  5120 | D:3      | HP: 1/28 [black bear (6)]
  5120 | D:3      | Slain by a black bear

Illustrated notes

Levels and vault maps discovered:
D:1:      lightli_arrival_flooded_house, layout_rooms, serial_shops,
          nicolae_shop_stone, roderic_serpentine_path, nrook_mini_vaults
D:2:      layout_loops_cross, shapermc_ecumenical_altar_venn, serial_shops,
          shop_statue
D:3:      layout_basic
D:4:      kennysheep_spiral_hall, layout_basic, lemuel_coloured_pillars_altar,
          kennysheep_okawaru_gauntlet, minmay_temple_entry_enclosed_plants,
          kennysheep_generic_room_9, uniq_sigmund
D:5:      layout_basic, uniq_eustachio, uniq_edmund
Temple:   regret_index_temple_generic_petals

Skill      XL: |  1  2  3  4 |
---------------+-------------+-----
Stealth        | 1 2 3 |  3.0
Dodging        | 3 |  3.3
Unarmed Combat | 4 |  4.0
Fighting       | |  1.0
Spellcasting   | |  2.0
Transmutations | |  2.0
Poison Magic   | |  0.2

Action                   |  1- 3 |  4- 6 || total
-------------------------+-------+-------++-------
Melee: Unarmed           |    62 |    64 ||   126
       Kick              |    14 |    12 ||    26
       Constrict         |    21 |    16 ||    37
       Tentacles         |    14 |    10 ||    24
       Punch             |     4 |     3 ||     7
 Cast: Beastly Appendage |    21 |    14 ||    35
       Spider Form       |       |     2 ||     2
  Use: Scroll            |     9 |     1 ||    10
 Stab: Sleeping          |     9 |     8 ||    17
Armor: Skin              |     3 |     1 ||     4
Dodge: Dodged            |    34 |    34 ||    68
Block: Other             |       |    14 ||    14

Table legend: (Time is in decaauts)
 A = Elapsed time spent in this place.
 B = Non-inter-level travel time spent in this place.
 C = Inter-level travel time spent in this place.
 D = Time resting spent in this place.
 E = Time spent auto-exploring this place.
 F = Levels seen in this place.
 G = Mean time per level.
                   A        B        C        D        E       F      G
               +--------+--------+--------+--------+--------+-----+--------+
         Total |   5115 |   4791 |    324 |    262 |   3728 |   6 |  852.5 |
       Dungeon |   4848 |   4551 |    297 |    262 |   3490 |   5 |  969.6 |
        Temple |    266 |    239 |     27 |      0 |    238 |   1 |  266.0 |
               +--------+--------+--------+--------+--------+-----+--------+

Top non-repeatable levels by time:
     D:3: 1661 daAuts
     D:4: 1434 daAuts
     D:1: 929 daAuts
     D:2: 800 daAuts
  Temple: 266 daAuts
     D:5: 22 daAuts
